 Dungeon Crawl Stone Soup version 0.18-a0-1343-g48c8f86 (webtiles) character file.

66597 xeno23 the Thaumaturge (level 14, -1/88 HPs)
             Began as a Deep Elf Fire Elementalist on Feb 16, 2016.
             Was the Champion of Vehumet.
             Slain by a two-headed ogre
             ... wielding a +0 giant club
              (2 damage)
             ... on level 2 of the Orcish Mines.
             The game lasted 02:32:23 (20204 turns).

xeno23 the Thaumaturge (DEFE)                      Turns: 20204, Time: 02:32:23

Health: -1/88      AC: 11    Str:  5    XL:     14   Next: 79%
Magic:  28/34      EV: 18    Int: 26    God:    Vehumet [******]
Gold:   78         SH:  3    Dex: 15    Spells: 10 memorised, 2 levels left

rFire  + + .     SeeInvis .     K - staff of fire
rCold  . . .     Gourm    .     q - +2 robe {MR+}
rNeg   . . .     Faith    .     z - +0 buckler (curse)
rPois  +         Spirit   .     x - +1 helmet
rElec  .         Dismiss  .     U - +1 cloak {+Inv}
rCorr  .         Reflect  .     N - +1 pair of gloves
SustAt .         Harm     .     X - +1 pair of boots
MR     ++...     Rnd*Rage +     L - amulet of magic regeneration
Stlth  ++++...... Rnd*Tele +    T - ring of fire
                                M - ring of the Assorted Curses {Wiz rPois rC+ Stlth+}

@: deflect missiles, drained, very resistant to hostile enchantments, stealthy
A: talons 1, berserk 1, blurry vision 1, deformed body, teleportitis 1
a: Renounce Religion, Evoke Invisibility


You were on level 2 of the Orcish Mines.
You worshipped Vehumet.
Vehumet was exalted by your worship.
You were not hungry.

You visited 4 branches of the dungeon, and saw 22 of its levels.
You also visited: Labyrinth, Ossuary and Bailey.

You collected 2066 gold pieces.
You spent 1988 gold pieces at shops.

Inventory:

Hand Weapons
 C - the +11 dagger "Piobb" {flame, rElec}
   (You found it on level 5 of the Dungeon)

   It has been specially enchanted to burn those struck by it, causing extra
   injury to most foes and up to half again as much damage against particularly
   susceptible opponents.
   It insulates you from electricity.
Armour
 q - a +2 robe of magic resistance (worn)
 x - a +1 helmet (worn)
 z - a cursed +0 buckler (worn)
 N - a +1 pair of gloves (worn)
 U - a +1 cloak of invisibility (worn)
 X - a +1 pair of boots (worn)
Magical Staves
 K - an uncursed staff of fire (weapon)
Jewellery
 r - an uncursed ring of flight
 L - an amulet of magic regeneration (around neck)
 M - the ring of the Assorted Curses (left hand) {Wiz rPois rC+ Stlth+}
   (You bought it in a shop on level 5 of the Dungeon)

   [ring of wizardry]

   It improves your spell success rate.
   It protects you from cold.
   It protects you from poison.
   It makes you more stealthy.
 T - a ring of fire (right hand)
Wands
 a - a wand of iceblast (8/15)
 b - a wand of disintegration (1/24)
 s - a wand of polymorph (1/24)
 O - a wand of heal wounds (6/9)
 Q - a wand of iceblast (1/15)
 S - a wand of disintegration (16/24)
Scrolls
 d - 2 scrolls of teleportation
 h - 2 scrolls of fear
 i - 5 scrolls of enchant weapon
 k - 5 scrolls of amnesia
 y - 2 scrolls of magic mapping
 A - 6 scrolls of blinking
 D - 4 scrolls of immolation
 G - 7 scrolls of remove curse
 Y - 3 scrolls of recharging
Potions
 f - 3 potions of lignification
 g - 4 potions of flight
 l - a potion of cancellation
 m - 11 potions of curing
 n - 2 potions of resistance
 p - 3 potions of ambrosia
 u - 7 potions of haste
 B - 2 potions of agility
 E - a potion of might
 F - a potion of magic
 P - 2 potions of brilliance
 R - 6 potions of heal wounds
 W - 2 potions of berserk rage
Books
 o - a book of Enchantments

   Spells                             Type                      Level
   a - Cause Fear                     Hexes                        4
   b - Yara's Violent Unravelling     Hexes/Transmutation          5
   c - Silence                        Hexes/Air                    5
   d - Deflect Missiles               Charms/Air                   6
   e - Haste                          Charms                       6
   f - Discord                        Hexes                        8
Comestibles
 c - 12 bread rations
 j - 8 meat rations
 v - a beef jerky
 H - 22 fruits


   Skills:
 * Level 10.0(9.4) Fighting
 - Level 10.6(10.0) Dodging
 - Level 4.4(3.8) Stealth
 * Level 0.0 Shields
 + Level 14.3(13.7) Spellcasting
 + Level 12.3(11.7) Conjurations
 * Level 10.4(9.8) Charms
 + Level 6.9(6.3) Necromancy
 + Level 12.8(12.1) Fire Magic
 + Level 3.7(3.2) Air Magic
 + Level 1.6(1.2) Evocations


You had 2 spell levels left.
You knew the following spells:

 Your Spells              Type           Power        Failure   Level  Hunger
a - Flame Tongue          Conj/Fire      #####        1%          1    None
b - Animate Skeleton      Necr           N/A          1%          1    None
c - Mephitic Cloud        Conj/Pois/Air  #####...     1%          3    None
d - Conjure Flame         Conj/Fire      ########     1%          3    None
e - Regeneration          Chrm/Necr      ######....   1%          3    None
q - Fireball              Conj/Fire      ########..   1%          5    ##.....
r - Deflect Missiles      Chrm/Air       ######....   36%         6    ####...
s - Sticky Flame          Conj/Fire      ########     1%          4    None
w - Bolt of Fire          Conj/Fire      ########..   1%          6    ####...
x - Orb of Destruction    Conj           ######....   4%          7    ######.


Dungeon Overview and Level Annotations

Branches:
Dungeon (11/15)            Temple (1/1) D:4            Lair (8/8) D:9
  Swamp (0/4) Lair:6        Snake (0/4) Lair:3        Slime (0/6) Lair:8
    Orc (2/2) D:11            Elf (0/3) Orc:2

Altars:
Ashenzari
Cheibriados
Dithmenos
Elyvilon
Fedhas
Gozag
Kikubaaqudgha
Nemelex Xobeh
Okawaru
Pakellas
Qazlal
Ru
Sif Muna
Trog
Vehumet
Yredelemnul
Beogh

Shops:
D:5 =   D:11 !   Orc:2 *:[(


Innate Abilities, Weirdness & Mutations

You have sharp toenails.
You tend to lose your temper in combat.
Scrolls take you a little longer to read.
Armour fits poorly on your strangely shaped body.
You are occasionally teleported next to monsters.


Message History

You feel much better.
This wand has 7 charges left.
The two-headed ogre hits you with a giant club!
* * * LOW HITPOINT WARNING * * *
You block the two-headed ogre's attack.
The orc knight hits you with a great mace!
* * * LOW HITPOINT WARNING * * *
You take 4 damage.
Evoke which item? (* to show all) (? for menu, Esc to quit)
Zapping:
O - a wand of heal wounds (7/9)
Press: ? - help, Shift-Dir - straight line, f - you You feel much better.
This wand has 6 charges left.
The orc priest invokes the aid of Beogh against you.
Something smites you!
* * * LOW HITPOINT WARNING * * *
The two-headed ogre hits you with a giant club!
* * * LOW HITPOINT WARNING * * *
The two-headed ogre hits you with a great mace of draining!
* * * LOW HITPOINT WARNING * * *
You feel drained.
You die...

# #.....### ##.....#.# #.#...)
######.......###........###.##.).
.............................####
.........#.......................
.......###.........###........###
.).....# #.........###.........##
......####..<).o..###.........###
...........O.#)o...#...........##
##..........###O@........##......
.###..........###........###.....
.# #.........###.#...............
## ##.......## ###.......#####...
.###.......### #......##...##..
..#..........# ####.#.#.....#.#
............## ###.#.)8..#..
.............#### #.#...).#.#
........#.......# #.##...##.#


You could see an orc knight, a two-headed ogre and an orc priest (frenzied).

Vanquished Creatures
  Rupert (Lair:6)
  Kirke (Lair:7)
  The ghost of Sagrath01 the Brawler, a journeyman DrTm of Okawaru (Orc:2)
  An orc warlord (Orc:2)
  Maud (Lair:8)
  3 dire elephants (Lair:8)
  Snorg (Orc:2)
  Josephine (D:10)
  A minotaur (Lab)
  Fannar (D:10)
  6 hydras
  Erolcha (D:11)
  Erica (D:11)
  An anaconda (Lair:8)
  An ogre mage (Orc:2)
  Urug (D:10)
  Nergalle (D:11)
  Sonja (D:10)
  Pikel (D:6)
  A hill giant (D:11)
  A mana viper (Bailey)
  3 orc knights
  4 orc sorcerers
  A cyclops (Orc:2)
  4 oklob plants
  A manticore (D:10)
  An ugly thing (D:11)
  A centaur zombie (D:10)
  4 elephants (Lair:8)
  4 black mambas
  8 spiny frogs
  3 fire drakes
  11 komodo dragons
  A troll (D:11)
  Grinder (D:5)
  2 polar bears
  2 two-headed ogres
  10 blink frogs
  5 wraiths (D:10)
  A spriggan (Lair:2)
  5 wyverns
  4 hippogriffs
  34 yaks
  3 basilisks
  3 hogs (Lair:7)
  24 wolves
  6 swamp worms (Lair:6)
  3 nagas (Lair:3)
  2 wargs
  Edmund (D:5)
  15 water moccasins
  7 porcupines
  3 ice beasts
  2 sky beasts
  29 orc warriors
  A wasp (D:11)
  3 phantoms
  A necrophage (D:9)
  10 ogres
  4 centaurs
  18 crocodiles
  3 big kobolds (D:7)
  16 giant frogs
  A wyvern zombie (D:10)
  3 scorpions
  The ghost of JustSomeDude the Skirmisher, a weakling DsFi (D:4)
  6 wights (D:11)
  4 electric eels
  5 crimson imps
  2 giant frog zombies
  11 hounds
  16 orc priests
  Crazy Yiuf (D:6)
  3 centaur skeletons
  3 jellies
  27 orc wizards
  5 giant frog skeletons
  10 iguanas
  13 worker ants
  Jessica (D:2)
  Natasha (thrice) (D:2)
  A killer bee zombie (D:10)
  5 sheep (Lair:7)
  2 big kobold zombies (Ossuary)
  3 hound zombies
  A hound skeleton (D:4)
  2 mummies (Ossuary)
  4 worker ant zombies
  10 gnolls
  10 adders
  45 river rats
  4 shadow imps
  An ooze (D:5)
  An adder skeleton (D:7)
  6 worms
  7 giant geckos
  100 orcs
  A ball python (D:1)
  12 bats
  6 giant cockroaches
  2 gnoll zombies (Ossuary)
  9 goblins
  12 hobgoblins
  3 jackals (D:1)
  6 quokkas
  3 giant newts
  2 goblin zombies (Ossuary)
  3 hobgoblin zombies (Ossuary)
  26 kobolds
  5 orc zombies (Ossuary)
  A quokka skeleton (D:9)
  16 rats
  4 bushes
  2 fungi
  9 plants
731 creatures vanquished.

Vanquished Creatures (others)
  A slave (D:6)
  A worker ant (D:6)
  A gnoll (D:6)
  A shadow imp (D:6)
  11 fungi
  2 plants (Lair:8)
17 creatures vanquished.

Grand Total: 748 creatures vanquished

Notes
Turn   | Place    | Note
--------------------------------------------------------------
     0 | D:1      | xeno23 the Deep Elf Fire Elementalist began the quest for the Orb.
     0 | D:1      | Reached XP level 1. HP: 10/10 MP: 6/6
   186 | D:1      | Reached XP level 2. HP: 15/15 MP: 6/8
   692 | D:1      | Reached skill level 4 in Fire Magic
   825 | D:1      | Reached XP level 3. HP: 17/19 MP: 0/9
  1187 | D:2      | Found a faded altar to an unknown god.
  1295 | D:2      | Noticed Natasha
  1301 | D:2      | Killed Natasha
  1301 | D:2      | Reached skill level 1 in Fighting
  1301 | D:2      | Reached XP level 4. HP: 25/25 MP: 6/10
  1362 | D:2      | Noticed Jessica
  1364 | D:2      | Killed Jessica
  1443 | D:2      | Noticed Natasha
  1460 | D:2      | Killed Natasha
  1460 | D:2      | Reached skill level 5 in Fire Magic
  1460 | D:2      | Reached XP level 5. HP: 15/29 MP: 0/11
  1472 | D:2      | Learned a level 3 spell: Conjure Flame
  1477 | D:2      | Learned a level 4 spell: Sticky Flame
  1608 | D:3      | Noticed an ogre
  1649 | D:2      | Noticed Natasha
  1659 | D:2      | Killed Natasha
  1986 | D:3      | Killed an ogre
  1986 | D:3      | Reached XP level 6. HP: 22/35 MP: 5/13
  2716 | D:3      | Reached XP level 7. HP: 40/40 MP: 12/15
  2822 | D:4      | Noticed JustSomeDude's ghost (weakling DsFi)
  2864 | D:4      | Killed JustSomeDude's ghost
  2864 | D:4      | Reached skill level 5 in Conjurations
  3000 | D:4      | Found a sacrificial altar of Ru.
  3011 | D:4      | Reached skill level 6 in Fire Magic
  3055 | D:4      | Found a staircase to the Ecumenical Temple.
  3066 | Temple   | Entered the Ecumenical Temple
  3074 | Temple   | Became a worshipper of Vehumet
  3679 | D:5      | Entered Level 5 of the Dungeon
  3685 | D:5      | Got a steaming ring mail
  3712 | D:5      | Learned a level 5 spell: Fireball
  4037 | D:5      | Found a basalt altar of Yredelemnul.
  4109 | D:5      | Reached XP level 8. HP: 42/46 MP: 12/17
  4121 | D:5      | Found Kaseubly's Jewellery Shoppe.
  4150 | D:5      | Reached skill level 7 in Fire Magic
  4247 | D:5      | Noticed Grinder
  4247 | D:5      | Paralysed by Grinder for 7 turns
  4261 | D:5      | Killed Grinder
  4261 | D:5      | Reached * piety under Vehumet
  4261 | D:5      | Offered knowledge of Shock by Vehumet.
  4261 | D:5      | Reached skill level 5 in Spellcasting
  4350 | D:5      | Got a dazzling dagger
  4524 | D:6      | Noticed Edmund
  4527 | D:6      | Noticed Pikel
  4537 | D:5      | Killed Edmund
  4630 | D:6      | Killed Pikel
  4630 | D:6      | Reached skill level 8 in Fire Magic
  4630 | D:6      | Reached XP level 9. HP: 52/52 MP: 3/19
  4838 | D:6      | Found a stormy altar of Qazlal.
  5057 | D:6      | Identified the +11 dagger "Piobb" {flame, rElec} (You found it on level 5 of the Dungeon)
  5218 | D:6      | Found a deep blue altar of Sif Muna.
  5226 | D:6      | Reached skill level 5 in Dodging
  5297 | D:6      | Noticed Crazy Yiuf
  5302 | D:6      | Killed Crazy Yiuf
  5323 | D:6      | Identified the cursed +0 ring mail of Riyh {rN++ rCorr Dex-3} (You found it on level 5 of the Dungeon)
  5575 | D:7      | Offered knowledge of Throw Frost by Vehumet.
  5591 | D:7      | Reached ** piety under Vehumet
  5614 | D:7      | Reached skill level 9 in Fire Magic
  6191 | D:8      | Found a shadowy altar of Dithmenos.
  6224 | D:8      | Found a sand-covered staircase.
  6238 | Ossuary  | Entered an ossuary
  6252 | Ossuary  | Offered knowledge of Dazzling Spray by Vehumet.
  6282 | Ossuary  | Reached *** piety under Vehumet
  6411 | D:8      | Reached XP level 10. HP: 58/58 MP: 16/21
  6576 | D:8      | Reached skill level 5 in Fighting
  6760 | D:8      | Found a blossoming altar of Fedhas.
  6867 | D:8      | Offered knowledge of Fulminant Prism by Vehumet.
  6946 | D:9      | Reached skill level 10 in Fire Magic
  6980 | D:9      | Found an oddly glowing altar of Pakellas.
  7068 | D:9      | Reached **** piety under Vehumet
  7126 | D:9      | Offered knowledge of Static Discharge by Vehumet.
  7168 | D:9      | Found a staircase to the Lair.
  7829 | D:5      | Bought the ring of the Assorted Curses {Wiz rPois rC+ Stlth+} for 510 gold pieces
  7829 | D:5      | Bought a +4 ring of evasion for 360 gold pieces
  7949 | D:10     | Entered Level 10 of the Dungeon
  7998 | D:10     | Noticed Sonja
  8000 | D:10     | Killed Sonja
  8000 | D:10     | Reached skill level 10 in Conjurations
  8051 | D:10     | Noticed Josephine
  8301 | D:10     | Noticed Urug
  8306 | D:10     | Killed Urug
  8556 | Lair:1   | Entered Level 1 of the Lair of Beasts
  8560 | Lair:1   | Reached XP level 11. HP: 64/64 MP: 12/22
  8564 | Lair:1   | Reached skill level 11 in Fire Magic
  9044 | Lair:1   | Noticed a six-headed hydra
  9386 | Lair:1   | Reached ***** piety under Vehumet
  9419 | Lair:1   | Offered knowledge of Bolt of Fire by Vehumet.
  9427 | Lair:1   | Learned a level 6 spell: Bolt of Fire
  9744 | Lair:1   | Killed a six-headed hydra
 10174 | Lair:2   | Found a snail-covered altar of Cheibriados.
 11083 | Lair:3   | Reached XP level 12. HP: 73/73 MP: 12/25
 11143 | Lair:3   | Reached skill level 12 in Fire Magic
 11268 | Lair:3   | Noticed an eight-headed hydra
 11271 | Lair:3   | Killed an eight-headed hydra
 11337 | Lair:3   | Noticed a four-headed hydra
 11342 | Lair:3   | Killed a four-headed hydra
 11408 | Lair:3   | Learned a level 3 spell: Regeneration
 11410 | Lair:3   | Learned a level 1 spell: Animate Skeleton
 11609 | Lair:3   | Reached skill level 1 in Charms
 11620 | Lair:3   | Found a staircase to the Snake Pit.
 11755 | Lair:3   | Reached skill level 1 in Necromancy
 12243 | Lair:4   | Reached skill level 10 in Dodging
 12615 | Lair:4   | Noticed a five-headed hydra
 12617 | Lair:4   | Killed a five-headed hydra
 13162 | Lair:6   | Learned a level 3 spell: Mephitic Cloud
 13181 | Lair:6   | Noticed Rupert
 13230 | Lair:6   | Killed Rupert
 13230 | Lair:6   | Reached XP level 13. HP: 80/80 MP: 2/28
 13635 | Lair:6   | Found a staircase to the Swamp.
 14236 | Lair:7   | Noticed Kirke
 14259 | Lair:7   | Killed Kirke
 14259 | Lair:7   | Reached skill level 5 in Charms
 14357 | Lair:7   | Offered knowledge of Orb of Destruction by Vehumet.
 14897 | Lair:8   | Entered Level 8 of the Lair of Beasts
 14951 | Lair:8   | Found a labyrinth entrance.
 14963 | Lair:8   | Reached skill level 10 in Spellcasting
 15016 | Lab      | Entered a labyrinth
 15060 | Lab      | Found an exit through the horrors of the Abyss.
 15228 | Lab      | Noticed a minotaur
 15233 | Lab      | Killed a minotaur
 15259 | Lab      | Identified the Papyrus of Malediction
 15271 | Lab      | Learned a level 7 spell: Orb of Destruction
 15351 | Lair:8   | Found a staircase to the Slime Pits.
 15502 | Lair:8   | Noticed Maud
 15506 | Lair:8   | Killed Maud
 15554 | Lair:8   | Reached skill level 13 in Spellcasting
 16086 | Lair:8   | Noticed a dire elephant
 16086 | Lair:8   | Noticed a dire elephant
 16089 | Lair:8   | Killed a dire elephant
 16093 | Lair:8   | Killed a dire elephant
 16093 | Lair:8   | Reached skill level 1 in Air Magic
 16232 | Lair:8   | Noticed a dire elephant
 16234 | Lair:8   | Killed a dire elephant
 16290 | Lair:8   | Reached XP level 14. HP: 86/86 MP: 23/33
 16649 | D:10     | Noticed Fannar
 16654 | D:10     | Killed Fannar
 16654 | D:10     | Reached skill level 5 in Necromancy
 16720 | D:10     | Killed Josephine
 16738 | D:10     | Learned a level 6 spell: Deflect Missiles
 17145 | D:11     | Found Alibaig's Distillery.
 17152 | D:11     | Noticed Nergalle
 17155 | D:11     | Killed Nergalle
 17156 | D:11     | Bought a potion of mutation for 35 gold pieces
 17156 | D:11     | Bought 2 potions of curing for 84 gold pieces
 17156 | D:11     | Bought a potion of curing for 42 gold pieces
 17156 | D:11     | Bought a potion of resistance for 140 gold pieces
 17156 | D:11     | Gained mutation: Scrolls take you a little longer to read. [potion of mutation]
 17156 | D:11     | Gained mutation: You tend to lose your temper in combat. [potion of mutation]
 17156 | D:11     | Gained mutation: You are occasionally teleported next to monsters. [potion of mutation]
 17157 | D:11     | Gained mutation: You have sharp toenails. [potion of mutation]
 17157 | D:11     | Gained mutation: Armour fits poorly on your strangely shaped body. [potion of mutation]
 17159 | D:11     | Noticed Erica
 17161 | D:11     | Killed Erica
 17217 | D:11     | Reached ****** piety under Vehumet
 17217 | D:11     | Offered knowledge of Freezing Cloud by Vehumet.
 17372 | D:11     | Reached skill level 14 in Spellcasting
 17739 | D:11     | Found a flagged portal.
 17793 | Bailey   | Entered a bailey
 17976 | Bailey   | Got a scorched storm dragon armour
 17996 | Bailey   | Identified the +10 storm dragon armour "Dagel" {rElec rF++} (You found it in a bailey)
 18233 | D:11     | Noticed Erolcha
 18243 | D:11     | Killed Erolcha
 18596 | D:11     | Found a staircase to the Orcish Mines.
 18804 | Orc:1    | Entered Level 1 of the Orcish Mines
 18906 | Orc:2    | Entered Level 2 of the Orcish Mines
 18937 | Orc:2    | Found a roughly hewn altar of Beogh.
 18982 | Orc:2    | Found Pinof's Book Emporium.
 19008 | Orc:2    | Noticed Sagrath01's ghost (journeyman DrTm)
 19013 | Orc:2    | Killed Sagrath01's ghost
 19013 | Orc:2    | Offered knowledge of Conjure Ball Lightning by Vehumet.
 19129 | Orc:2    | Found a roughly hewn altar of Beogh.
 19132 | Orc:2    | Reached skill level 1 in Evocations
 19247 | Orc:2    | Found a roughly hewn altar of Beogh.
 19264 | Orc:2    | Found Caycoone's General Store.
 19269 | Orc:2    | Bought 2 scrolls of blinking for 240 gold pieces
 19269 | Orc:2    | Bought 2 potions of heal wounds for 160 gold pieces
 19413 | Orc:2    | Found a staircase to the Elven Halls.
 19418 | Orc:2    | Noticed Snorg
 19423 | Orc:2    | Killed Snorg
 19448 | Orc:2    | Reached skill level 10 in Charms
 19687 | Orc:2    | Found a roughly hewn altar of Beogh.
 19830 | Orc:2    | Reached skill level 10 in Fighting
 19833 | Orc:2    | Noticed an orc warlord
 19876 | Orc:2    | Killed an orc warlord
 20014 | Orc:2    | Found Sifude's Antique Armour Emporium.
 20028 | Orc:2    | Found Edghag's Antique Weapon Shoppe.
 20029 | Orc:2    | Found a roughly hewn altar of Beogh.
 20037 | Orc:2    | Bought a steaming robe for 148 gold pieces
 20037 | Orc:2    | Bought a glowing buckler for 117 gold pieces
 20048 | Orc:2    | Identified the +0 robe of the Jolly Demons {rPois Dex+3 Slay-2} (You bought it in a shop on level 2 of the Orcish Mines)
 20158 | Orc:2    | Bought a scroll of recharging for 152 gold pieces
 20204 | Orc:2    | HP: 1/88 [two-headed ogre/giant club (7)]
 20204 | Orc:2    | Slain by a two-headed ogre

Vault maps used:
D:1:      saegor_arrival_simple_f
D:2:      ecumenical_altar_1, amethyst_killhole, uniq_natasha, uniq_jessica
D:3:      first_bread
D:4:      nicolae_ru_great_annihilating_truth, temple_green
D:5:      lemuel_coloured_pillars_altar, serial_shops, shop,
          kennysheep_generic_room_14, uniq_grinder
D:6:      kennysheep_orc_sif_temple, nicolae_qazlal_general_emergency,
          uniq_edmund, uniq_crazy_yiuf_cottage, uniq_pikel
D:8:      grunt_dithmenos_smoke_and_mirrors, fedhas_bush_and_centaur_altar,
          nicolae_ossuary_entry_ruins
D:9:      grunt_lair_entry_orc_guard_hut, basic_altar
D:10:     serial_bayou, serial_bayou_lagoon_a, serial_bayou_pond_b,
          serial_bayou_ford_a, serial_bayou_pond_e, uniq_urug, uniq_fannar,
          uniq_josephine, uniq_sonja
D:11:     hiddenorc1_lemuel, serial_shops, shop, enter_bailey_2, uniq_erolcha,
          uniq_nergalle, uniq_erica
Temple:   lightli_temple_of_artemis
Lair:1:   st_stairs_9
Lair:2:   beast_lair_carwin_large_4, basic_altar,
          grunt_forest_large_clearing_hut, infiniplex_staircase_pool_2
Lair:3:   minmay_snake_entry_guardpost_medium
Lair:6:   minmay_lair_oklob_chamber, nicolae_swamp_entry_splash_gauntlet,
          grunt_forest_large_clearings, uniq_rupert
Lair:7:   uniq_kirke
Lair:8:   due_jungle_book, minmay_slime_entry_oklob_open, lab_entry_generic,
          uniq_maud
Orc:1:    okawaru_metal_pillars_1_2
Orc:2:    grunt_orc_community_town_hall, grunt_orc_community_big_house_2,
          grunt_orc_community_big_house_2, grunt_orc_community_house_2,
          grunt_orc_community_house_3, grunt_orc_community_house_3,
          grunt_orc_community_house_3, grunt_orc_community_house_3, uniq_snorg
Lab:      labyrinth_glass_1, nicolae_lab_statue, nicolae_lab_blocks,
          labyrinth_fake_exit, nicolae_lab_diamond, labyrinth_skeletal_remains
Ossuary:  minmay_ossuary_gauntlet
Bailey:   bailey_axe_4, bailey

Action                   |  1- 3 |  4- 6 |  7- 9 | 10-12 | 13-15 || total
-------------------------+-------+-------+-------+-------+-------++-------
Melee: Unarmed           |    23 |       |       |       |     1 ||    24
       Dagger            |       |    18 |   108 |   176 |    50 ||   352
       Staff             |       |       |       |       |    91 ||    91
Throw: Tomahawk          |    10 |     9 |     5 |       |       ||    24
 Cast: Flame Tongue      |    64 |   107 |   201 |   221 |   130 ||   723
       Sticky Flame      |       |     3 |    14 |    27 |    27 ||    71
       Conjure Flame     |       |       |     1 |     2 |     1 ||     4
       Fireball          |       |       |    14 |    39 |    76 ||   129
       Bolt of Fire      |       |       |       |    52 |   115 ||   167
       Regeneration      |       |       |       |       |    14 ||    14
       Orb of Destructio |       |       |       |       |    18 ||    18
       Deflect Missiles  |       |       |       |       |     2 ||     2
Evoke: Wand              |       |       |       |       |     5 ||     5
  Use: Potion            |       |       |     2 |       |     3 ||     5
       Scroll            |       |       |     8 |     9 |    19 ||    36
 Stab: Sleeping          |       |       |     1 |     5 |     4 ||    10
       Distracted        |       |       |       |     2 |     1 ||     3
  Eat: Chunk             |     1 |     5 |    19 |    36 |    54 ||   115
       Beef jerky        |       |       |       |     3 |     2 ||     5
       Pizza             |       |       |       |     2 |     1 ||     3
       Meat ration       |       |       |       |     1 |       ||     1
       Royal jelly       |       |       |       |       |     1 ||     1
       Fruit             |       |       |       |       |     1 ||     1
